 Dungeon Crawl Stone Soup version 0.27-a0-887-gcab673c142 (webtiles) character file.

Game seed: 4761139080251406573

292 leviel the Chopper (level 6, -3/84 HPs)
             Began as a Hill Orc Berserker on Apr 4, 2021.
             Was a Priest of Trog.
             Slain by an ogre
             ... wielding a +0 giant spiked club
              (12 damage)
             ... on level 5 of the Dungeon.
             The game lasted 00:05:47 (5574 turns).

leviel the Chopper (Hill Orc Berserker)             Turns: 5574, Time: 00:05:48

Health: -3/84      AC: 14    Str: 28    XL:     6   Next: 33%
Magic:  7/7        EV:  8    Int:  7    God:    Trog [***...]
Gold:   682        SH:  7    Dex:  8    Spells: 5/5 levels left

rFire    + + .     SeeInvis .   a - +0 hand axe
rCold    . . .     Faith    .   x - +0 buckler
rNeg     . . .     Spirit   .   w - +1 chain mail
rPois    .         Reflect  +   (no helmet)
rElec    +         Harm     .   n - +0 cloak
rCorr    .         Rampage  .   (no gloves)
Will     .....                  (no boots)
Stlth    ..........             s - amulet of reflection
HPRegen  0.24/turn              t - +4 ring of protection
MPRegen  0.10/turn              b - ring of Laylekhluxt {rElec rF++ Str+6 Dex-2}

@: berserking, very quick
A: no striking features
a: Renounce Religion, Berserk, Trog's Hand


You were on level 5 of the Dungeon.
You worshipped Trog.
Trog was most pleased with you.
You visited 1 branch of the dungeon, and saw 5 of its levels.

You collected 682 gold pieces.

Inventory:

Hand Weapons
 a - a +0 hand axe (weapon)
Armour
 n - a +0 cloak (worn)
 w - a +1 chain mail (worn)
 x - a +0 buckler (worn)
Jewellery
 b - the ring of Laylekhluxt (right hand) {rElec rF++ Str+6 Dex-2}
   (You acquired it on level 4 of the Dungeon)

   [ring of strength]

   It affects your strength (+6).
   It affects your dexterity (-2).
   It greatly protects you from fire.
   It insulates you from electricity.
 s - an amulet of reflection (around neck)
 t - a +4 ring of protection (left hand)
Wands
 d - a wand of flame (7)
 r - a wand of paralysis (3)
Scrolls
 c - a scroll of identify
 i - a scroll of teleportation
Potions
 h - 2 potions of mutation
 j - a potion of cancellation
 m - 3 potions of invisibility
 p - a potion of curing {unknown}
 q - a potion of attraction {unknown}
 u - a potion of heal wounds {unknown}
 v - a potion of might {unknown}


   Skills:
 + Level 5.2 Fighting
 + Level 6.6 Axes
 + Level 2.3 Armour
 + Level 2.6 Dodging
 + Level 0.3 Stealth
 * Level 1.5 Invocations
 * Level 1.1 Evocations


You had 5 spell levels left.
You didn't know any spells.
Your spell library was empty.

Dungeon Overview and Level Annotations

Branches:
Dungeon (5/15)
 Temple: D:4-7

Altars:
Uskayaw
The Shining One


Message History

There is a hide-covered altar of Uskayaw here.
You enter the shallow water.
Moving in this stuff is going to be slow.
Things that are here:
a +0 mace; 2 boomerangs; a +0 ring mail You open the door.
Found a stone staircase leading down.
There is an open door here.
Done exploring.
Done exploring.
There is a stone staircase leading down here.
You climb downwards.
An ogre comes into view. It is wielding a +0 giant spiked club.
The ogre shouts!
Found a leather armour.
Found a stone staircase leading down.
There is a stone staircase leading up here.
Blink to where?
Press: ? - help, Dir - move target
As you read the scroll labelled GEW KUCYXUADGH, it crumbles to dust.
It was a scroll of blinking.
An adder comes into view.
As you read the scroll labelled XORAMM CAPUAD, it crumbles to dust.
The adder hisses angrily.
Magic quickly surges around you.
It was a scroll of vulnerability.
There is a stone staircase leading up here.
You climb upwards.
There is a stone staircase leading down here.
You start waiting.
You feel your willpower return.
You climb downwards.
The ogre hits you with a +0 giant spiked club!!
There is a stone staircase leading up, spattered with blood here.
You hit the ogre but do no damage.
The ogre hits you with a +0 giant spiked club!!
* * * LOW HITPOINT WARNING * * *
A red film seems to cover your vision as you go berserk!
You feel yourself moving faster!
You feel mighty! The adder bites you.
* * * LOW HITPOINT WARNING * * *
The ogre hits you with a +0 giant spiked club!
You die...

..##...[ .
...#... ..
#..... . ...##
....# #.. ....#
....#....
#>.##.......
...#....O..#
.......@S..#
................
.#..........#...
##........## .
#..........
..........##.
#........### .
#.........


You could see an ogre and an adder.

Vanquished Creatures
  An ogre (D:4)
  An orc wizard (D:4)
  Ijyb (D:4)
  A howler monkey skeleton (D:2)
  3 adders
  A white imp (D:3)
  2 worms (D:2)
  3 dart slugs
  5 orcs
  4 ball pythons
  A bat zombie (D:2)
  9 endoplasms
  A giant cockroach (D:4)
  13 hobgoblins
  11 jackals
  8 kobolds
  5 quokkas
  4 bats
  3 frilled lizards
  5 goblins
  3 goblin skeletons (D:3)
  A goblin zombie (D:3)
  A hobgoblin zombie (D:3)
  A kobold skeleton (D:3)
  An orc skeleton (D:3)
  6 rats
95 creatures vanquished.

Vanquished Creatures (others)
  A kobold skeleton (D:3)
1 creature vanquished.

Grand Total: 96 creatures vanquished

Notes
Turn   | Place    | Note
-------+----------+-------------------------------------------
     0 | D:1      | leviel the Hill Orc Berserker began the quest for the Orb.
     0 | D:1      | Reached XP level 1. HP: 19/19 MP: 1/1
   139 | D:1      | Reached XP level 2. HP: 23/27 MP: 2/2
   261 | D:1      | Found a hide-covered altar of Uskayaw.
   291 | D:1      | Found a faded altar of an unknown god.
   562 | D:1      | Reached XP level 3. HP: 33/33 MP: 3/3
   947 | D:1      | Reached ** piety under Trog
  1015 | D:1      | Reached skill level 5 in Axes
  1869 | D:2      | Reached XP level 4. HP: 40/41 MP: 4/4
  3352 | D:3      | Found a glowing golden altar of the Shining One.
  3366 | D:3      | Reached XP level 5. HP: 30/47 MP: 5/5
  3883 | D:3      | Reached skill level 5 in Fighting
  4254 | D:4      | Reached *** piety under Trog
  4261 | D:4      | Reached skill level 6 in Axes
  4549 | D:4      | Noticed an ogre
  4558 | D:4      | Killed an ogre
  4559 | D:4      | Reached skill level 1 in Invocations
  4559 | D:4      | Reached skill level 1 in Evocations
  4559 | D:4      | Reached XP level 6. HP: 35/56 MP: 5/7
  4893 | D:4      | Found a hide-covered altar of Uskayaw.
  4936 | D:4      | Identified 2 scrolls of acquirement
  4936 | D:4      | Acquired the ring of Laylekhluxt {rElec rF++ Str+6 Dex-2}
  4938 | D:4      | Acquired 599 gold pieces
  5123 | D:4      | Noticed Ijyb
  5135 | D:4      | Killed Ijyb
  5522 | D:5      | Entered Level 5 of the Dungeon
  5574 | D:5      | Slain by an ogre

Illustrated notes

Levels and vault maps discovered:
D:1:      evilmike_arrival_rings, layout_basic, basic_ecumenical_altar,
          dk_noncrumbling_3, minmay_hexomino_r4
D:2:      layout_basic, serial_corexii_hall, corexii_hall_statues_x,
          corexii_hall_statues_u, minmay_misc_feat_ornament, minmay_surrounded
D:3:      layout_basic, nicolae_tso_besieged_by_evil
D:4:      layout_basic, old_standard_altar, chequers_serial_rivers_small_b,
          uniq_ijyb
D:5:      layout_cave_pools, minmay_temple_entry_waves, minmay_liquid_box

Skill      XL: |  1  2  3  4  5 |
---------------+----------------+-----
Fighting       | 4 5 |  5.2
Axes           | 5 6 |  6.6
Dodging        | 2 |  2.6
Invocations    | 1 |  1.5
Evocations     | 1 |  1.1
Armour         | |  2.3
Stealth        | |  0.3

Action                   |  1- 3 |  4- 6 || total
-------------------------+-------+-------++-------
Melee: Hand axe          |   110 |   187 ||   297
Invok: Berserk           |       |     6 ||     6
       Trog's Hand       |       |     1 ||     1
  Use: Scroll            |       |    13 ||    13
 Stab: Sleeping          |       |     1 ||     1
Armor: Animal skin       |    16 |    40 ||    56
       Chain mail        |       |    10 ||    10
Dodge: Dodged            |    70 |   122 ||   192

Table legend: (Time is in decaauts)
 A = Elapsed time spent in this place.
 B = Non-inter-level travel time spent in this place.
 C = Inter-level travel time spent in this place.
 D = Time resting spent in this place.
 E = Time spent auto-exploring this place.
 F = Levels seen in this place.
 G = Mean time per level.
                   A        B        C        D        E       F      G
               +--------+--------+--------+--------+--------+-----+--------+
         Total |   5637 |   5526 |    111 |    920 |   3986 |   5 | 1127.4 |
       Dungeon |   5637 |   5526 |    111 |    920 |   3986 |   5 | 1127.4 |
               +--------+--------+--------+--------+--------+-----+--------+

Top non-repeatable levels by time:
     D:2: 1618 daAuts
     D:1: 1442 daAuts
     D:4: 1422 daAuts
     D:3: 1147 daAuts
     D:5: 7 daAuts
